 Dungeon Crawl Stone Soup version 0.27-a0-890-ged2907cb04 (webtiles) character file.

Game seed: 149383195576781331

202 dessertowl the Cudgeller (level 5, -1/47 HPs)
             Began as a Hill Orc Monk on Apr 5, 2021.
             Slain by a black bear (3 damage)
             ... on level 3 of the Dungeon.
             The game lasted 00:07:39 (4048 turns).

dessertowl the Cudgeller (Hill Orc Monk)            Turns: 4048, Time: 00:07:39

Health: -1/47      AC:  2    Str: 15    XL:     5   Next: 80%
Magic:  5/5        EV: 13    Int: 10    God:
Gold:   132        SH:  0    Dex: 13    Spells: 4/4 levels left

rFire    . . .     SeeInvis .   a - +0 mace
rCold    . . .     Faith    .   (no shield)
rNeg     . . .     Spirit   .   b - +0 robe
rPois    .         Reflect  .   (no helmet)
rElec    .         Harm     .   (no cloak)
rCorr    .         Rampage  .   (no gloves)
Will     .....                  (no boots)
Stlth    ++........             (no amulet)
HPRegen  0.15/turn              (no ring)
MPRegen  0.09/turn              (no ring)

@: no status effects
A: no striking features
a: no special abilities


You were on level 3 of the Dungeon.
You visited 1 branch of the dungeon, and saw 4 of its levels.

You collected 132 gold pieces.

Inventory:

Hand Weapons
 a - a +0 mace (weapon)
Armour
 b - a +0 robe (worn)
 j - a +0 pair of gloves
Jewellery
 c - a ring of wizardry
 f - a ring of resist corrosion
 n - a ring of fire
Wands
 r - a wand of polymorph (7)
Scrolls
 h - a scroll of brand weapon {unknown}
 k - a scroll of torment {unknown}
 l - a scroll of vulnerability {unknown}
 m - a scroll of fog {unknown}
 o - 2 scrolls of teleportation {unknown}
 p - a scroll of acquirement {unknown}
 s - a scroll of enchant armour {unknown}
 t - a scroll of identify {unknown}
Potions
 d - a potion of berserk rage {unknown}
 e - a potion of brilliance {unknown}
 g - 2 potions of curing {unknown}
 i - a potion of invisibility {unknown}
 q - a potion of lignification {unknown}


   Skills:
 + Level 4.4 Fighting
 + Level 5.1 Maces & Flails
 + Level 3.2 Dodging
 + Level 2.7 Stealth


You had 4 spell levels left.
You didn't know any spells.
Your spell library contained the following spells:

 Spells                   Type           Power      Damage    Failure   Level
 Animate Skeleton         Necr           0%         N/A       36%         1
 Apportation              Tloc           0%         N/A       36%         1
 Corona                   Hex            0%         N/A       36%         1
 Summon Small Mammal      Summ           0%         N/A       36%         1
 Confusing Touch          Hex            0%         N/A       75%         3
 Gell's Gravitas          Tloc           0%         N/A       75%         3
 Lesser Beckoning         Tloc           0%         N/A       75%         3
 Tukima's Dance           Hex            0%         N/A       75%         3
 Petrify                  Tmut/Erth      0%         N/A       98%         4
 Alistair's Intoxication  Tmut/Pois      0%         N/A       100%        5
 Metabolic Englaciation   Hex/Ice        0%         N/A       100%        5
 Yara's Violent Unravell  Hex/Tmut       0%         3d3       100%        5
 Invisibility             Hex            0%         N/A       100%        6


Dungeon Overview and Level Annotations

Branches:
Dungeon (4/15)
 Temple: D:4-7

Altars:
Uskayaw

Annotations:
D:3 1 runed translucent door, Crazy Yiuf


Message History

You sock the jelly!
You kill the jelly!
A black bear comes into view.
The black bear growls angrily.
You see here a scroll labelled HODDISTERPH.
You see here a scroll labelled HODDISTERPH.
The hound skeleton bites you.
You hit the hound skeleton but do no damage.
You thump the black bear!
The black bear is moderately wounded.
You closely miss the black bear.
The black bear is moderately wounded.
The black bear bites you. The black bear barely misses you.
The black bear claws you.
You hit the black bear.
The black bear is heavily wounded.
The black bear bites you.
* * * LOW HITPOINT WARNING * * *
The black bear closely misses you. The black bear completely misses you.
The black bear bites you but does no damage.
The black bear claws you.
* * * LOW HITPOINT WARNING * * *
The black bear claws you.
* * * LOW HITPOINT WARNING * * *
You closely miss the black bear.
The black bear is heavily wounded.
The black bear barely misses you. The black bear claws you.
* * * LOW HITPOINT WARNING * * *
The black bear closely misses you.
There is a stone staircase leading up here.
The black bear bites you!
* * * LOW HITPOINT WARNING * * *
The black bear misses you. The black bear claws you.
* * * LOW HITPOINT WARNING * * *
You climb upwards.
Level annotation: 1 runed translucent door, Crazy Yiuf
There is a stone staircase leading down here.
The black bear bites you but does no damage.
The black bear closely misses you. The black bear claws you.
You die...

#.##.#.# ♣♣.♣
....##.## ♣♣.♣♣
...###..# ♣♣...♣
....##### ♣....♣
#.##.#..# #....#
#.###..#####....#
#.#.#####.##^...###
#.#..####.###.....#
#...............@.#
#...............h>#
#.............#####
..............#
#.............#
#....##########
#....# #....#
#....#


You could see a black bear.

Vanquished Creatures
  A jelly (D:4)
  12 adders
  2 worms
  2 dart slugs
  4 bats
  4 endoplasms
  2 giant cockroaches (D:2)
  9 goblins
  3 hobgoblins (D:2)
  8 kobolds
  8 ball pythons
  3 frilled lizards
  2 rats
60 creatures vanquished.

Notes
Turn   | Place    | Note
-------+----------+-------------------------------------------
     0 | D:1      | dessertowl the Hill Orc Monk began the quest for the Orb.
     0 | D:1      | Reached XP level 1. HP: 19/19 MP: 1/1
   234 | D:1      | Reached XP level 2. HP: 27/27 MP: 2/2
  1144 | D:2      | Found a hide-covered altar of Uskayaw.
  1206 | D:2      | Reached XP level 3. HP: 23/27 MP: 3/3
  1421 | D:2      | Reached skill level 4 in Maces & Flails
  1726 | D:2      | Reached XP level 4. HP: 28/40 MP: 4/4
  2578 | D:2      | Reached XP level 5. HP: 41/46 MP: 5/5
  3597 | D:3      | Reached skill level 5 in Maces & Flails
  3729 | D:3      | Found a runed translucent door.
  3730 | D:3      | Noticed Crazy Yiuf
  4015 | D:4      | Noticed a black bear
  4046 | D:4      | HP: 1/47 [black bear (2)]
  4048 | D:3      | Slain by a black bear

Illustrated notes

Levels and vault maps discovered:
D:1:      minmay_arrival_five_plusses, layout_basic
D:2:      layout_loops_corners, basic_altar, minmay_snake_closets
D:3:      layout_rooms, hex_intersection, uniq_crazy_yiuf_cottage
D:4:      minmay_general_purpose_star, layout_loops_ring,
          roderic_serpentine_path, chequers_big_river

Skill      XL: |  1  2  3  4  5 |
---------------+----------------+-----
Fighting       | 4 |  4.4
Maces & Flails | 4 5 |  5.1
Stealth        | 2 |  2.7
Dodging        | 3 |  3.2

Action                   |  1- 3 |  4- 6 || total
-------------------------+-------+-------++-------
Melee: Mace              |   111 |   111 ||   222
 Stab: Sleeping          |     5 |    10 ||    15
Armor: Robe              |    28 |    12 ||    40
Dodge: Dodged            |    81 |    76 ||   157

Table legend: (Time is in decaauts)
 A = Elapsed time spent in this place.
 B = Non-inter-level travel time spent in this place.
 C = Inter-level travel time spent in this place.
 D = Time resting spent in this place.
 E = Time spent auto-exploring this place.
 F = Levels seen in this place.
 G = Mean time per level.
                   A        B        C        D        E       F      G
               +--------+--------+--------+--------+--------+-----+--------+
         Total |   4092 |   3972 |    120 |    303 |   2906 |   4 | 1023.0 |
       Dungeon |   4092 |   3972 |    120 |    303 |   2906 |   4 | 1023.0 |
               +--------+--------+--------+--------+--------+-----+--------+

Top non-repeatable levels by time:
     D:2: 2000 daAuts
     D:1: 1132 daAuts
     D:3: 865 daAuts
     D:4: 94 daAuts
